 Dungeon Crawl Stone Soup version 0.29.0-4-gdea44cf6ec (webtiles) character file.

Game seed: 2972105178123169905

452 qw the Ruffian (level 7, 0/57 HPs)
             Began as a Ghoul Fire Elementalist on Aug 29, 2022.
             Slain by a gnoll
             ... wielding a +0 flail
              (4 damage)
             ... on level 4 of the Dungeon.
             The game lasted 00:03:11 (4677 turns).

qw the Ruffian (Ghoul Fire Elementalist)            Turns: 4677, Time: 00:03:12

Health: 0/57       AC:  8    Str: 14    XL:     7   Next: 5%
Magic:  8/8        EV:  6    Int: 10    God:
Gold:   171        SH:  0    Dex:  9    Spells: 8/9 levels left

rFire   . . .      SeeInvis .     - Unarmed
rCold   + . .      Faith    .   (no shield)
rNeg    + + +      Spirit   .   j - +0 chain mail
rPois   inf        Reflect  .   (no helmet)
rElec   .          Harm     .   (no cloak)
rCorr   .          Rampage  .   (no gloves)
Will    .....                   (no boots)
Stlth   ..........              (no amulet)
HPRegen 0.00/turn               (no ring)
MPRegen 0.11/turn               (no ring)

@: about to teleport, inhibited regen
A: claws 1, cold resistance 1, negative energy resistance 3, inhibited
regeneration, torment resistance 2, devour on kill
a: no special abilities


You were on level 4 of the Dungeon.
You visited 1 branch of the dungeon, and saw 4 of its levels.

You collected 171 gold pieces.


Innate Abilities, Weirdness & Mutations

You are immune to poison.
You have sharp fingernails.
Your flesh is cold resistant. (rC+)
You are immune to negative energy. (rN+++)
You do not regenerate when monsters are visible.
You are immune to unholy pain and torment.
You thrive by killing the living.


   Skills:
 - Level 3.1 Fighting
 - Level 1.1 Armour
 - Level 1.7 Dodging
 - Level 2.1 Stealth
 + Level 6.6 Unarmed Combat
 - Level 1.7 Spellcasting
 - Level 0.7 Conjurations
 - Level 2.4 Fire Magic


You had 8 spell levels left.
You knew the following spells:

 Your Spells              Type           Power      Damage    Failure   Level
a - Foxfire               Conj/Fire      16%        2x1d4     99%         1

Your spell library contained the following spells:

 Spells                   Type           Power      Damage    Failure   Level
 Scorch                   Fire           10%        2d5       99%         2
 Conjure Flame            Conj/Fire      4%         6-21      100%        3
 Inner Flame              Hex/Fire       3%         N/A       100%        3
 Flame Wave               Conj/Fire      4%         2d5       100%        4

Inventory:

Armour
 j - a +0 chain mail (worn)
Jewellery
 f - a +6 ring of strength
 m - a +6 ring of dexterity
Scrolls
 a - a scroll of enchant weapon {unknown}
 c - 2 scrolls of identify
 e - 2 scrolls of magic mapping {unknown}
 h - a scroll of amnesia {unknown}
Potions
 b - a potion of heal wounds {unknown}
 d - a potion of lignification {unknown}
 g - a potion of invisibility {unknown}
 k - a potion of attraction {unknown}
 l - a potion of curing {unknown}

Dungeon Overview and Level Annotations

Branches:
Dungeon (4/15)
 Temple: D:4-7

Altars:
Ru


Message History

The gnoll hits you with a +0 flail.
You scratch the scorpion.
The scorpion is lightly wounded.
The scorpion stings you but does no damage.
The gnoll hits you with a +0 flail! The gnoll closely misses you.
You completely miss the scorpion.
The scorpion is lightly wounded.
The scorpion stings you. The gnoll hits you with a +0 flail!
The gnoll hits you but does no damage.
You closely miss the scorpion.
The scorpion is lightly wounded.
The scorpion barely misses you.
You claw the scorpion!
The scorpion is almost dead.
The scorpion stings you. The gnoll hits you but does no damage.
The gnoll hits you with a +0 flail!
4673 ||| READING scroll of teleportation.
As you read the scroll of teleportation, it crumbles to dust.
You feel strangely unstable. The scorpion stings you.
The gnoll barely misses you. The gnoll hits you but does no damage.
The scorpion stings you but does no damage.
You scratch the scorpion but do no damage.
The scorpion is almost dead.
The gnoll hits you but does no damage. x2
The scorpion stings you but does no damage.
You scratch the scorpion.
You kill the scorpion!
You feel better. The gnoll barely misses you.
The gnoll hits you from afar with a +0 spear.
You have reached level 7!
You claw the gnoll!
The gnoll is severely wounded.
The gnoll hits you from afar with a +0 spear.
The gnoll hits you but does no damage.
You scratch the gnoll but do no damage.
The gnoll is severely wounded.
The gnoll hits you with a +0 flail.
You die...

# #.......#
# #.......#
###
#.......#
..#
#.......#
#.#
##'######
#.# #.# #.#
#.# #.#
#########.#
#.#
#......g@.#
#.#
#.......).#
'.#
#.....g...#
###
#.........#
#
#.........#
#
#.........#
#
'.........#
#........##
#........#


You could see 2 gnolls.

Vanquished Creatures
  Sigmund (D:4)
  A scorpion (D:4)
  2 orc priests (D:4)
  An iguana (D:4)
  A gnoll (D:4)
  5 adders
  An ufetubus (D:3)
  5 worms
  A dart slug (D:4)
  4 orcs
  5 endoplasms
  5 giant cockroaches
  4 goblins
  7 hobgoblins
  2 jackals (D:2)
  2 quokkas
  4 ball pythons
  7 bats
  3 frilled lizards
  6 kobolds
  4 rats
71 creatures vanquished.

Notes
Turn   | Place    | Note
-------+----------+-------------------------------------------
     0 | D:1      | qw the Ghoul Fire Elementalist began the quest for the Orb.
     0 | D:1      | Reached XP level 1. HP: 14/14 MP: 2/2
     0 | D:1      | 0 ||| qw: Version: 0.1-a-90-g952f4b7
     0 | D:1      | 0 ||| qw: Game counter: 3978
     0 | D:1      | 0 ||| qw: Always use a shield: true
     0 | D:1      | 0 ||| qw: God list: Okawaru
     0 | D:1      | 0 ||| qw: Allow faded altars: false
     0 | D:1      | 0 ||| qw: Do Orc after D:15 true
     0 | D:1      | 0 ||| qw: Do second Lair branch before Depths: true
     0 | D:1      | 0 ||| qw: Lair rune preference: random
     0 | D:1      | 0 ||| qw: Plans: Normal
     0 | D:1      | 0 ||| PLANNING D:1-11
   220 | D:1      | Reached skill level 1 in Unarmed Combat
   398 | D:1      | Reached skill level 1 in Fighting
   398 | D:1      | Reached XP level 2. HP: 13/23 MP: 3/3
  1010 | D:1      | Reached skill level 2 in Unarmed Combat
  1211 | D:1      | 1211 ||| UPGRADING to +0 chain mail.
  1221 | D:1      | 1221 ||| DROPPING +0 robe.
  1222 | D:1      | 1222 ||| READING scroll labelled ENNOIST ZISOBY.
  1223 | D:1      | 1223 ||| READING scroll labelled YHUIPP SUDOSYO.
  1224 | D:1      | 1224 ||| READING scroll labelled FAUCHI SEDA.
  1225 | D:1      | 1225 ||| READING scroll labelled IPUMUN LEUHEUM.
  1226 | D:1      | 1226 ||| DROPPING potion of magic.
  1273 | D:2      | 1273 ||| STAIRDANCE
  1335 | D:2      | Reached XP level 3. HP: 25/28 MP: 4/4
  1336 | D:2      | 1336 ||| STAIRDANCE
  1470 | D:2      | 1470 ||| Stepping ~*~*~tactically~*~*~ (stealth).
  1476 | D:2      | Reached skill level 3 in Unarmed Combat
  1638 | D:2      | 1638 ||| Stepping ~*~*~tactically~*~*~ (stealth).
  1649 | D:2      | 1649 ||| Stepping ~*~*~tactically~*~*~ (outnumbered).
  1650 | D:2      | 1650 ||| Stepping ~*~*~tactically~*~*~ (outnumbered).
  1652 | D:2      | 1652 ||| Stepping ~*~*~tactically~*~*~ (outnumbered).
  1659 | D:2      | Reached XP level 4. HP: 16/35 MP: 5/5
  1848 | D:2      | Found a faded altar of an unknown god.
  2058 | D:2      | 2058 ||| Stepping ~*~*~tactically~*~*~ (stealth).
  2425 | D:2      | 2425 ||| DROPPING +6 ring of intelligence.
  2426 | D:2      | 2426 ||| READING scroll labelled MEARHE TETIT.
  2427 | D:2      | 2427 ||| DRINKING 2 smoky pink potions.
  2428 | D:2      | 2428 ||| DROPPING potion of brilliance.
  2541 | D:3      | Reached skill level 4 in Unarmed Combat
  2584 | D:3      | 2584 ||| Stepping ~*~*~tactically~*~*~ (stealth).
  2742 | D:3      | Found a sacrificial altar of Ru.
  2764 | D:3      | 2764 ||| Stepping ~*~*~tactically~*~*~ (stealth).
  2765 | D:3      | 2765 ||| Stepping ~*~*~tactically~*~*~ (stealth).
  3660 | D:3      | 3660 ||| READING scroll labelled NUGAGI WEAFOJ.
  3727 | D:4      | Reached skill level 1 in Armour
  3727 | D:4      | Reached XP level 5. HP: 33/41 MP: 6/6
  3839 | D:4      | Noticed Sigmund
  3858 | D:4      | Killed Sigmund
  3859 | D:4      | Reached skill level 5 in Unarmed Combat
  3859 | D:4      | Reached XP level 6. HP: 24/48 MP: 7/7
  4108 | D:4      | Reached skill level 6 in Unarmed Combat
  4209 | D:4      | 4209 ||| Stepping ~*~*~tactically~*~*~ (hiding).
  4341 | D:4      | 4341 ||| Stepping ~*~*~tactically~*~*~ (hiding).
  4359 | D:4      | Reached skill level 3 in Fighting
  4667 | D:4      | 4667 ||| Stepping ~*~*~tactically~*~*~ (outnumbered).
  4672 | D:4      | HP: 12/51 [scorpion (1)]
  4672 | D:4      | HP: 3/51 [gnoll/+0 flail (9)]
  4673 | D:4      | 4673 ||| READING scroll of teleportation.
  4673 | D:4      | HP: 1/51 [scorpion (2)]
  4676 | D:4      | Reached XP level 7. HP: 5/57 MP: 8/8
  4677 | D:4      | Slain by a gnoll

Levels and vault maps discovered:
D:1:      psy_arrival_terrarium, layout_basic
D:2:      layout_loops_ring, shapermc_ecumenical_altar_totnotflames,
          chequers_serial_rivers_micro_b
D:3:      layout_loops_ring, mainiacjoe_overflow_catwalk
D:4:      layout_basic, dreamdust_divine_triumvirate, nicolae_overflows_in_rows,
          hex_medium, uniq_sigmund

Skill      XL: |  1  2  3  4  5  6 |
---------------+-------------------+-----
Unarmed Combat | 1 2 3 4 5 6 |  6.6
Fighting       | 1 2 3 |  3.1
Armour         | 1 |  1.1
Dodging        | |  1.7
Stealth        | |  2.1
Spellcasting   | |  1.7
Conjurations   | |  0.7
Fire Magic     | |  2.4

Action                   |  1- 3 |  4- 6 |  7- 9 || total
-------------------------+-------+-------+-------++-------
Melee: Unarmed           |   113 |   194 |     2 ||   309
       Punch             |     1 |     1 |       ||     2
  Use: Scroll            |     4 |     3 |       ||     7
       Potion            |       |     1 |       ||     1
Armor: Chain mail        |    51 |    87 |     1 ||   139
       Robe              |     5 |       |       ||     5
Dodge: Dodged            |    50 |    44 |       ||    94

Table legend:
 A = Non-vault XP
 B = Vault XP
 C = Vault XP percentage of total XP
 D = Non-vault monster count
 E = Vault monster count
 F = Vault count percentage of total count
                 A         B        C        D         E       F
            +---------+---------+-------+---------+---------+-------
      Total |     416 |     231 |  35.7 |      70 |       1 |   1.4
            +---------+---------+-------+---------+---------+-------
        D:1 |      28 |       0 |   0.0 |      19 |       0 |   0.0
        D:2 |      68 |       0 |   0.0 |      20 |       0 |   0.0
        D:3 |      68 |       0 |   0.0 |      18 |       0 |   0.0
        D:4 |     252 |     231 |  47.8 |      13 |       1 |   7.1
            +---------+---------+-------+---------+---------+-------
